Cogmind - Beta 17.1 @@@ ROGUE MODE // 2026.08.30 @ 21:00:57 // Winter2019/RPGLIKE Player: obl-vn Result: Self-destructed Performance ------------- Evolutions (2) 1000 Regions Visited (8) 1600 Robots Destroyed (144) 720 Value Destroyed (5498) 5498 Prototype IDs (28) 560 Alien Tech Used (0) 0 Bonus (2773) 2773 TOTAL SCORE: 12151 Bonus ------- High Alert Combat Kills 983 Follower Combat Kills 90 Entered Garrisons 400 Used RIF Installer 1000 Aligned with FarCom 300 Cogmind --------- Core Integrity 888/900 Matter 257/300 Energy 148/150 System Corruption 0% Temperature Cool (4) Movement Hovering (53) Location -8/Garrison Parts ------- > --- POWER (1) -------- Light Angular Momentum Engine > --- PROPULSION (4) --- Airjet Airjet Improved Gravmag System Combat Antigrav System > --- UTILITY (7) ------ Makeshift Terrain Scanner Experimental Core Analyzer Energy Filter Energy Filter Advanced Transmission Jammer Improved System Guard System Restoration Module > --- WEAPON (2) ------- Latent Energy Streamer 8R-AWN's Boregun > --- INVENTORY (2) ---- 8R-AWN's Boregun Longsword +1 Peak State ------------ > --- POWER ------------ Light Angular Momentum Engine > --- PROPULSION ------- Airjet Airjet Airjet Combat Antigrav System > --- UTILITY ---------- Makeshift Terrain Scanner Experimental Core Analyzer Improved Armor Integrity Analyzer Energy Filter Advanced Transmission Jammer Improved System Guard System Restoration Module > --- WEAPON ----------- 8R-AWN's Boregun 8R-AWN's Boregun > --- INVENTORY -------- Latent Energy Streamer Longsword +1 [Rating: 89] Favorites ----------- Power Light Angular Momentum Engine Engine Light Angular Momentum Engine Power Core Light Nuclear Core Propulsion Airjet Leg Advanced Myomer Leg Wheel Wheel Hover Unit Airjet Utility Energy Filter Device Energy Filter Processor Improved System Guard Weapon 8R-AWN's Boregun Energy Cannon Beam Cannon Ballistic Gun 8R-AWN's Boregun Launcher Rocket Launcher Slashing Weapon Longsword +1 Build | -11 -10 -10 -10 -9 -8 -8 -8 -8 ------- Run | Yrd Mat Min Exi Min Mat Gar Mat Gar Slots Evolved 10 | 1 1 . 3 1 4 . . . Power . | . . . . . . . . . Propulsion 3 | . . . . 1 2 . . . Utility 6 | . 1 . 3 . 2 . . . Weapon 1 | 1 . . . . . . . . Parts Attached 35 | 4 6 2 14 2 6 1 . . Power 5 | 1 1 1 1 1 . . . . Engine 3 | 1 . . 1 1 . . . . Core 2 | . 1 1 . . . . . . Reactor . | . . . . . . . . . Propulsion 8 | 1 . . 2 1 3 1 . . Treads . | . . . . . . . . . Leg 1 | . . . 1 . . . . . Wheel 2 | 1 . . . 1 . . . . Hover 5 | . . . 1 . 3 1 . . Flight . | . . . . . . . . . Utility 12 | . 2 1 6 . 3 . . . Device 8 | . 1 1 3 . 3 . . . Storage . | . . . . . . . . . Processor 4 | . 1 . 3 . . . . . Hackware . | . . . . . . . . . Protection . | . . . . . . . . . Artifact . | . . . . . . . . . Weapon 10 | 2 3 . 5 . . . . . Energy Gun . | . . . . . . . . . Energy Cannon 3 | . 2 . 1 . . . . . Ballistic Gun 5 | 2 1 . 2 . . . . . Ballistic Cannon . | . . . . . . . . . Launcher 1 | . . . 1 . . . . . Special Weapon . | . . . . . . . . . Impact Weapon . | . . . . . . . . . Slashing Weapon 1 | . . . 1 . . . . . Piercing Weapon . | . . . . . . . . . Special Melee Weapon . | . . . . . . . . . Unidentified Prototypes 5 | . . 1 4 . . . . . Parts Lost 2 | . . . 2 . . . . . Power 1 | . . . 1 . . . . . Propulsion 1 | . . . 1 . . . . . Utility . | . . . . . . . . . Weapon . | . . . . . . . . . Highest Loss Streak 2 | . . . 2 . . . . . To Critical Strikes 2 | . . . 2 . . . . . Average Backups 1 | . . . . 2 2 2 2 2 Power . | . . . . . . . . . Propulsion . | . . . . . . . . . Utility . | . . . . . . . . . Weapon 1 | . . . . 2 2 2 2 2 Tool/Special . | . . . . . . . . . Unused Backups 2 | . . . 2 . . . . . Power 1 | . . . 1 . . . . . Propulsion . | . . . . . . . . . Utility . | . . . . . . . . . Weapon 1 | . . . 1 . . . . . Tool/Special . | . . . . . . . . . Average Slot Usage (%) 98 | . 98 100 92 100 99 100 100 100 Engine 5 | . 7 . 1 10 7 7 7 7 Core 4 | . 10 16 8 . . . . . Wheel 5 | . 17 16 8 . . . . . Hover 14 | . . . 1 10 30 28 28 28 Device 22 | . 8 16 16 21 19 35 35 35 Processor 18 | . 15 16 17 32 23 14 14 14 Energy Cannon 11 | . 29 33 10 . . 6 6 7 Ballistic Gun 9 | . 6 . 10 21 15 6 7 7 Slashing Weapon 1 | . . . 7 . . . . . Peak Build Rating 89 | 4 8 16 68 73 89 88 88 88 Average Rating 55 | 3 6 8 34 71 82 86 87 88 On Entrance 47 | . 4 8 16 68 73 86 88 88 Avg Prop Armor Cover (%) 2 | . . . . 4 3 2 . . Naked Turns . | . . . . . . . . . Heaviest Build 34 | 7 12 12 20 23 30 34 34 34 Greatest Support 49 | 10 10 10 30 21 45 49 49 49 Greatest Overweight (x) 4 | 1 1 1 4 1 1 1 . . Average Overweight (x) . | . . 1 . . . . . . Largest Inventory Capacity 2 | . . 1 2 2 2 2 2 2 Average Capacity 1 | . . . 1 2 2 2 2 2 Most Carried 2 | . . 1 2 2 2 2 2 2 Average Carried 1 | . . . . 2 1 2 2 2 Final Capacity 2 | . . 1 2 2 2 2 2 2 Final Carried 2 | . . 1 2 2 2 2 2 2 Class Distribution -------------------- 60% | Scavenger-Mutant 39% | Mutant Dominant Class ---------------- Mutant | -10/Materials Mutant | -10/Mines Mutant | -10/Exiles Scavenger-Mutant | -9/Mines Scavenger-Mutant | -8/Materials Scavenger-Mutant | -8/Garrison Scavenger-Mutant | -8/Materials Scavenger-Mutant | -8/Garrison Resources | -11 -10 -10 -10 -9 -8 -8 -8 -8 ----------- Run | Yrd Mat Min Exi Min Mat Gar Mat Gar Matter Collected 3470 | 240 81 20 626 416 912 851 324 . Remotely . | . . . . . . . . . Salvage Created 5807 | . 634 467 504 441 1126 1710 925 . Parts 396 | . 21 27 80 25 98 98 47 . Haulers Intercepted 5 | . 1 . . . 4 . . . Recyclers Shooed 2 | . . . . . 1 . 1 . Parts Field Recycled . | . . . . . . . . . Retrieved Matter . | . . . . . . . . . Parts Self-Destructed . | . . . . . . . . . Prevented . | . . . . . . . . . Parts Restored . | . . . . . . . . . Kills | -11 -10 -10 -10 -9 -8 -8 -8 -8 ------- Run | Yrd Mat Min Exi Min Mat Gar Mat Gar Combat Hostiles Destroyed 117 | . 11 11 7 10 25 34 19 . Melee 7 | . . . 3 . . 2 2 . Guns 69 | . 1 . . 10 24 24 10 . Cannons 20 | . 10 10 . . . . . . AOE 19 | . . . 4 . 1 8 6 . Classes Destroyed 17 | . 2 3 3 1 4 3 1 . Worker 5 | . . . . . 2 . 3 . Builder 1 | . . . . . . . 1 . Tunneler 2 | . . 2 . . . . . . Hauler 5 | . 1 . . . 4 . . . Recycler 3 | . . 1 . 1 . . 1 . Operator 2 | . . . . . 2 . . . Turret 1 | . . . 1 . . . . . Watcher 3 | . . . . . 1 . 2 . Swarmer 33 | . . 7 . 2 9 10 5 . Grunt 48 | . 11 4 . 7 7 11 8 . Brawler 3 | . . . . . . 3 . . Duelist 3 | . . . . . 2 . 1 . Sentry 17 | . . . . 1 7 5 4 . Specialist 3 | . . . . . . 3 . . Hunter 3 | . . . . . . 2 1 . Zionite 8 | . . . 8 . . . . . Assembled 6 | . . . 6 . . . . . Thug 1 | . . . . . . 1 . . Best Kill Streak 7 | . 4 3 6 3 7 5 7 . Combat Bots Only 6 | . 4 3 6 3 6 5 4 . Max Kills in Single Turn 4 | . 1 2 2 1 2 3 4 . Gunslinging 1 | . . . . . 1 . . . Exploded 3 | . . . 2 . 1 3 2 . Melee 1 | . . . 1 . . 1 1 . Uniques/NPCs Destroyed 4 | . . . 4 . . . . . 8R-AWN (-10/Exiles) EX-BIN (-10/Exiles) EX-HEX (-10/Exiles) EX-DEC (-10/Exiles) Combat | -11 -10 -10 -10 -9 -8 -8 -8 -8 -------- Run | Yrd Mat Min Exi Min Mat Gar Mat Gar Hostile Shots Fired 382 | . 28 34 54 39 70 94 63 . Missed 138 | . 10 6 8 16 30 34 34 . Hits 244 | . 18 28 46 23 40 60 29 . Melee 4 | . . . 3 . . . 1 . Projectile 240 | . 18 28 43 23 40 60 28 . Critical Strikes 31 | . . . 24 . 3 3 1 . Damage Taken 3495 | . 216 273 868 273 495 967 403 . Core 2876 | . 185 236 723 214 407 786 325 . Absorbed by Shields 55 | . . . . . . 55 . . Redirected to Core 2039 | . 109 111 431 189 317 601 281 . Core Remaining (%) 74 | 100 . . . 49 . . . . Volleys Fired 432 | . 38 30 58 35 89 125 57 . Largest 2 | . 2 2 2 2 2 2 1 . Hottest 120 | . 120 120 60 60 60 60 60 . Shots Fired 600 | . 67 60 68 66 154 128 57 . Gun 463 | . 7 . 60 66 154 122 54 . Cannon 130 | . 60 60 1 . . 6 3 . Launcher 7 | . . . 7 . . . . . Special . | . . . . . . . . . Kinetic 463 | . 7 . 60 66 154 122 54 . Thermal 120 | . 60 60 . . . . . . Explosive 7 | . . . 7 . . . . . Electromagnetic 10 | . . . 1 . . 6 3 . Robot Hit Streak 16 | . 7 11 10 7 9 16 7 . Robot Miss Streak 7 | . 4 4 2 7 4 3 4 . Penetration Max 1 | . . . 1 1 1 1 1 . Secondary Targets 3 | . . . . 2 1 . . . Max Gunslinging Chain 1 | . . . . 1 1 . . . Shots Hit Robots 329 | . 32 35 74 28 65 62 33 . Core Hits 230 | . 15 17 38 14 42 74 30 . Critical Kills 53 | . . 1 4 5 16 18 9 . Critical Parts Destroyed 66 | . . . 13 10 19 15 9 . Critical Strikes 124 | . . 1 20 15 35 34 19 . Meltdown 1 | . . 1 . . . . . . Destroy 119 | . . . 17 15 35 33 19 . Sever 4 | . . . 3 . . 1 . . Melee Attacks 56 | . . . 38 . . 12 6 . Impact . | . . . . . . . . . Slashing 56 | . . . 38 . . 12 6 . Piercing . | . . . . . . . . . Sneak Attacks . | . . . . . . . . . Combat Hostiles . | . . . . . . . . . Follow-up Attacks . | . . . . . . . . . Damage Inflicted 10617 | . 597 628 2829 592 1686 2345 1940 . Guns 4779 | . 51 . 857 592 1460 1163 656 . Cannons 1221 | . 546 628 . . . 27 20 . Explosions 2369 | . . . 316 . 226 701 1126 . Melee 2248 | . . . 1656 . . 454 138 . Ramming . | . . . . . . . . . Kinetic 4779 | . 51 . 857 592 1460 1163 656 . Thermal 1314 | . 546 628 . . 140 . . . Explosive 519 | . . . 307 . 86 . 126 . Electromagnetic 1757 | . . . 9 . . 728 1020 . Impact . | . . . . . . . . . Slashing 2248 | . . . 1656 . . 454 138 . Piercing . | . . . . . . . . . Highest Corruption 3 | . . . 3 . . . . . Average Corruption 3 | . . . 3 . . . . . Corruption Purged 20 | . . . . . . 12 8 . Corruption Blocked . | . . . . . . . . . Effects 8 | . . . 8 . . . . . Message Errors 3 | . . . 3 . . . . . Matter Fused 2 | . . . 2 . . . . . Energy Discharges 1 | . . . 1 . . . . . Data Loss (major) 1 | . . . 1 . . . . . Misfires 1 | . . . 1 . . . . . Overload Shots . | . . . . . . . . . Overflow Damage 270 | . 17 19 160 . . 57 17 . Projectiles 36 | . 17 19 . . . . . . Explosions 18 | . . . . . . 1 17 . Melee 216 | . . . 160 . . 56 . . Knockbacks . | . . . . . . . . . Impact . | . . . . . . . . . Kinetic . | . . . . . . . . . Secondary . | . . . . . . . . . Self-Inflicted Damage 150 | . . . 59 . . 91 . . Shots 3 | . . . 2 . . 1 . . Rammed . | . . . . . . . . . Targets Rammed . | . . . . . . . . . Kicked . | . . . . . . . . . Crushed . | . . . . . . . . . Highest Temperature 66 | . 66 1 . . 2 6 11 . Average Temperature 17 | . 21 1 . . 2 4 11 . Received Heat Transfer 1009 | . 126 66 100 105 207 279 126 . Siege Activations . | . . . . . . . . . Martial Activations . | . . . . . . . . . Shielding Activations . | . . . . . . . . . Robots Disrupted . | . . . . . . . . . Combat Hostiles . | . . . . . . . . . Robots Corrupted 2 | . . . . . . . 2 . Combat Hostiles 1 | . . . . . . . 1 . Parts Fried 12 | . . . . . . 2 10 . Impact Corruptions . | . . . . . . . . . Robots Melted 1 | . . 1 . . . . . . Combat Hostiles 1 | . . 1 . . . . . . Parts Melted 8 | . 3 5 . . . . . . Heat Transferred 2579 | . 1147 1332 . . 100 . . . Parts Sabotaged . | . . . . . . . . . Parts Stolen . | . . . . . . . . . Parts Stripped . | . . . . . . . . . Power Chain Reactions . | . . . . . . . . . Latent Energy Used 1358 | . . . 200 . . 638 520 . LE Corruption 23 | . . . 3 . . 12 8 . Alert | -11 -10 -10 -10 -9 -8 -8 -8 -8 ------- Run | Yrd Mat Min Exi Min Mat Gar Mat Gar Maximum Alert Level 5 | . 1 1 . . 2 5 3 2 Low Security (%) 44 | 100 66 90 . 100 34 . . . Level 1 12 | . 33 9 . . 35 4 . . Level 2 15 | . . . . . 29 17 40 100 Level 3 13 | . . . . . . 15 59 . Level 4 10 | . . . . . . 44 . . Level 5 4 | . . . . . . 17 . . High Security . | . . . . . . . . . Max Security . | . . . . . . . . . Peak Influence 1703 | . 264 298 . 140 559 1703 974 556 Initial 830 | . . 63 . . . 342 830 556 Average 472 | . 147 61 . 61 290 1137 735 556 Influence Increases 4669 | . 465 465 . 368 1034 1381 892 64 Destroy 0b10 Robot/C 2320 | . 220 220 . 200 500 800 380 . Destroy 0b10 Robot/NC 130 | . 5 30 . 5 45 10 35 . Destroy Leader 376 | . 62 50 . 30 130 30 74 . Allied During Kill 29 | . . . . . . 29 . . Successful Hack 81 | . 26 . . . 20 21 . 14 Disable Machine 735 | . 150 15 . 60 240 30 240 . Anti-Garrison Action 400 | . . . . . . 350 . 50 Destroy Structure 328 | . 2 . . 43 54 96 133 . Lose Combat Pursuer 270 | . . 150 . 30 45 15 30 . Influence Decreases 4049 | . 301 331 298 368 507 205 1739 300 Entered New Map 1757 | . . 101 298 . . 185 873 300 Time Decay 1687 | . 301 230 . 368 372 . 416 . Lost Ally 20 | . . . . . . 20 . . Purge Threat 585 | . . . . . 135 . 450 . Squads Dispatched 4 | . 3 . . . . . 1 . Investigation 1 | . 1 . . . . . . . Extermination . | . . . . . . . . . Reinforcement 2 | . 2 . . . . . . . Assault 1 | . . . . . . . 1 . Garrison . | . . . . . . . . . Intercept . | . . . . . . . . . Searches Triggered . | . . . . . . . . . Construction Impeded . | . . . . . . . . . Haulers Reinforced . | . . . . . . . . . Active Scanning Responses . | . . . . . . . . . Cargo Convoy Interrupts . | . . . . . . . . . Stealth | -11 -10 -10 -10 -9 -8 -8 -8 -8 --------- Run | Yrd Mat Min Exi Min Mat Gar Mat Gar Distress Signals 4 | . 1 . . . 2 . 1 . Communications Jammed 43 | . . . . . 3 . 40 . Distress Signals 43 | . . . . . 3 . 40 . Times Spotted 169 | . 18 18 18 14 39 35 27 . Peak Tracking Total 9 | . 7 5 9 4 5 4 6 2 Tactical Retreats 16 | . . 5 5 2 2 1 1 . Traps | -11 -10 -10 -10 -9 -8 -8 -8 -8 ------- Run | Yrd Mat Min Exi Min Mat Gar Mat Gar Traps Triggered 10 | . 1 . . . . 8 1 . Indirectly 2 | . . . . . . 2 . . Trap Hack Attempts . | . . . . . . . . . Triggered . | . . . . . . . . . Disarmed . | . . . . . . . . . Reprogrammed . | . . . . . . . . . Reused . | . . . . . . . . . Traps Extracted . | . . . . . . . . . Installed . | . . . . . . . . . Triggered . | . . . . . . . . . Machines | -11 -10 -10 -10 -9 -8 -8 -8 -8 ---------- Run | Yrd Mat Min Exi Min Mat Gar Mat Gar Machines Disabled 67 | . 10 1 12 4 16 8 16 . Max in Single Turn 3 | . 1 1 2 2 1 2 3 . Garrison Relay 6 | . . . . . . 6 . . Machines Repaired . | . . . . . . . . . Machines Dismantled . | . . . . . . . . . Machines Sabotaged . | . . . . . . . . . Overloaded Fab Kills . | . . . . . . . . . Hacking | -11 -10 -10 -10 -9 -8 -8 -8 -8 --------- Run | Yrd Mat Min Exi Min Mat Gar Mat Gar Machines Accessed 30 | . 5 . 2 . 12 3 7 1 Terminals 24 | . 5 . . . 9 3 6 1 Fabricators . | . . . . . . . . . Repair Stations . | . . . . . . . . . Recycling Units . | . . . . . . . . . Scanalyzers 2 | . . . . . 2 . . . Garrison Access 2 | . . . . . 1 . 1 . Total Hacks 68 | . 9 . 2 . 34 6 14 3 Successful 36 | . 6 . 2 . 20 2 5 1 Failed 32 | . 3 . . . 14 4 9 2 Catastrophic 5 | . 1 . . . 1 . 3 . Database Lockouts . | . . . . . . . . . Manual 28 | . 7 . 1 . 18 . 2 . Terminals 55 | . 9 . . . 24 6 13 3 Fabricators . | . . . . . . . . . Repair Stations . | . . . . . . . . . Recycling Units . | . . . . . . . . . Scanalyzers 8 | . . . . . 8 . . . Garrison Access 3 | . . . . . 2 . 1 . Terminal Hacks 15 | . 1 . 2 . 5 2 4 1 Record 1 | . . . 1 . . . . . Robot Analysis 1 | . . . . . 1 . . . Open Door 1 | . . . . . . 1 . . Emergency Access Points 1 | . . . . . . 1 . . Alert Level 1 | . . . . . 1 . . . Unreport Threat 5 | . . . . . 2 . 3 . Locate Traps 3 | . 1 . . . 1 . 1 . Garrison Registry 1 | . . . . . . . . 1 Proto ID Catalog 1 | . . . 1 . . . . . Fabricator Hacks . | . . . . . . . . . Repair Station Hacks . | . . . . . . . . . Recycling Unit Hacks . | . . . . . . . . . Scanalyzer 4 | . . . . . 4 . . . Insert Component 2 | . . . . . 2 . . . Analyze 1 | . . . . . 1 . . . Retrieve Study 1 | . . . . . 1 . . . Garrison Access Hacks 2 | . . . . . 1 . 1 . Unlock Access 2 | . . . . . 1 . 1 . Unauthorized Hacks 15 | . 5 . . . 10 . . . Terminals 15 | . 5 . . . 10 . . . Assimilate 1 | . . . . . 1 . . . Botnet 1 | . . . . . 1 . . . Skim 13 | . 5 . . . 8 . . . Fabricators . | . . . . . . . . . Repair Stations . | . . . . . . . . . Recycling Units . | . . . . . . . . . Scanalyzers . | . . . . . . . . . Garrison Access . | . . . . . . . . . Data Cores Recovered . | . . . . . . . . . Used . | . . . . . . . . . Hacking Detections 24 | . 3 . . . 11 3 6 1 Full Trace Events 3 | . . . . . 1 . 1 1 Feedback Events . | . . . . . . . . . Feedback Blocked . | . . . . . . . . . Robot Schematics Acquired . | . . . . . . . . . Robots Built . | . . . . . . . . . Authchips . | . . . . . . . . . Time . | . . . . . . . . . Total Robot Build Rating . | . . . . . . . . . Part Schematics Acquired 1 | . . . . . 1 . . . Parts Built . | . . . . . . . . . Authchips . | . . . . . . . . . Time . | . . . . . . . . . Total Part Build Rating . | . . . . . . . . . Part Studies Acquired 1 | . . . . . 1 . . . Parts Repaired . | . . . . . . . . . Time . | . . . . . . . . . Parts Recycled . | . . . . . . . . . Recycled Matter . | . . . . . . . . . Retrieved Matter . | . . . . . . . . . Retrieved Components . | . . . . . . . . . Parts Scanalyzed 1 | . . . . . 1 . . . Part Schematics Acquired 1 | . . . . . 1 . . . Parts Damaged . | . . . . . . . . . Bothacking | -11 -10 -10 -10 -9 -8 -8 -8 -8 ------------ Run | Yrd Mat Min Exi Min Mat Gar Mat Gar Used RIF Installer 2 | . . . . . . 2 . . Signal Jammer 1 | . . . . . . 1 . . Robots Hacked . | . . . . . . . . . Non-combat . | . . . . . . . . . Combat . | . . . . . . . . . Robot Hacks Applied . | . . . . . . . . . Relay Couplers Released 11 | . . . . . . 11 . . Machine Destruction 11 | . . . . . . 11 . . Fabnet Peak Effective % . | . . . . . . . . . Robots Rewired 2 | . . . . . . 2 . . Allies Hacked . | . . . . . . . . . Hacks Repelled . | . . . . . . . . . Allies | -11 -10 -10 -10 -9 -8 -8 -8 -8 -------- Run | Yrd Mat Min Exi Min Mat Gar Mat Gar Total Allies 2 | . . . . . . 2 . . Largest Group 2 | . . . . . . 2 . . Highest-Rated Group 70 | . . . . . . 70 . . Highest-Rated Ally 39 | . . . . . . 39 . . Total Orders . | . . . . . . . . . Ally Attacks 23 | . . . . . . 23 . . Total Damage 321 | . . . . . . 321 . . Kills 6 | . . . . . . 6 . . Allies Corrupted . | . . . . . . . . . Allies Melted . | . . . . . . . . . Intel | -11 -10 -10 -10 -9 -8 -8 -8 -8 ------- Run | Yrd Mat Min Exi Min Mat Gar Mat Gar Active Infowar (turns) 6649 | . 415 1094 853 871 932 1452 1016 16 Sensors 717 | . . 38 679 . . . . . Terrain 3095 | . . . 174 871 932 98 1016 4 Structural 1471 | . 415 1056 . . . . . . Jamming 3338 | . . . 1 . 853 1452 1016 16 Robot Analysis Total 1 | . . . . . 1 . . . Derelict Logs Recovered 3 | . . 2 . 1 . . . . Drone Launches . | . . . . . . . . . Drone Recoveries . | . . . . . . . . . Exploration | -11 -10 -10 -10 -9 -8 -8 -8 -8 ------------- Run | Yrd Mat Min Exi Min Mat Gar Mat Gar Turns Passed 7459 | 36 733 1094 1309 871 932 1452 1016 16 Spaces Moved 5110 | 39 409 536 991 568 953 1010 576 28 Core 10 | 9 . . 1 . . . . . Treads . | . . . . . . . . . Legs 237 | . . . 237 . . . . . Wheels 1650 | 30 409 536 600 53 22 . . . Hover 3213 | . . . 153 515 931 1010 576 28 Flight . | . . . . . . . . . Fastest Speed 50 | 50 80 95 80 80 52 52 53 53 Average Speed 86 | 78 86 95 100 128 53 93 53 53 Slowest Speed 250 | 100 95 95 250 150 115 112 53 53 Overloaded Moves . | . . . . . . . . . Propulsion Burnouts . | . . . . . . . . . Robots Hopped . | . . . . . . . . . Potential Cave-ins . | . . . . . . . . . Cave-ins Triggered . | . . . . . . . . . Exploration Rate (%) 68 | 3 92 80 87 94 84 86 81 6 Regions Visited 8 Branch Regions 3 Pre-discovered Areas 6 | . 1 1 1 1 2 . . . Known Exits Taken 2 | . . . . . 1 . 1 . Unknown Exits Taken 5 | 1 1 1 1 1 . . . . Scrap Searched 4 | . . 2 . 2 . . . . Spaces Dug 15 | . . . 2 . 6 3 4 . Terrain Destroyed 399 | . . . 61 50 78 46 164 . Melee 3 | . . . . . . 2 1 . Projectile 102 | . . . 3 24 47 17 11 . AOE 282 | . . . 57 24 26 25 150 . Terrain Rammed . | . . . . . . . . . Walls Destroyed . | . . . . . . . . . Machines Disabled . | . . . . . . . . . Actions | -11 -10 -10 -10 -9 -8 -8 -8 -8 --------- Run | Yrd Mat Min Exi Min Mat Gar Mat Gar Total 7508 | 42 718 1061 1202 641 1220 1373 1222 29 Wait 1590 | . 262 476 66 20 115 95 555 1 Move 5102 | 38 408 535 990 567 952 1008 576 28 Hop . | . . . . . . . . . Pick Up 8 | . . 2 4 . 2 . . . Fast Attach 32 | 4 5 . 16 1 6 . . . Attach 4 | . . 1 1 . 2 . . . Detach 3 | . . . 1 . 2 . . . Swap 11 | . 1 1 1 1 . 4 3 . Drop 26 | . 4 2 14 1 4 1 . . Fire 432 | . 38 30 58 35 89 125 57 . Melee 56 | . . . 38 . . 12 6 . Ram . | . . . . . . . . . Kick . | . . . . . . . . . Crush . | . . . . . . . . . Escape Stasis 58 | . . . . . . 58 . . Rewire 7 | . . . . . . 7 . . Trap . | . . . . . . . . . Miscellaneous 179 | . . 14 13 16 48 63 25 . Route ------- -11/Scrapyard -10/Materials (discovered 6 exits: *Mat x3 / [*Min x2] / Sub) -10/Mines (discovered 4 exits: *Mat x2 / *Exi / Sub) -10/Exiles -9/Mines (discovered 2 exits: *Mat x2) -8/Materials (discovered 4 exits: *Fac x3 / Gar) -8/Garrison (discovered 3 exits: *Mat x3) -8/Materials (discovered 4 exits: *Fac x3 / Gar) -8/Garrison (discovered 3 exits: Fac x3) History --------- Turn | Location | Event 12 | -11/Scrapyard | Upgraded with Weapon slot (x1) 13 | -11/Scrapyard | Discovered new exit (range 16) 37 | -11/Scrapyard | Entered Materials 78 | -10/Materials | Discovered new exit (range 9) 178 | -10/Materials | Discovered new exit (range 16) 221 | -10/Materials | Discovered new exit (range 14) 327 | -10/Materials | Build established: Mutant 349 | -10/Materials | Discovered new exit (range 11) 355 | -10/Materials | Upgraded with Utility slot (x1) 389 | -10/Materials | Reached level 2 509 | -10/Materials | Discovered new exit (range 7) 574 | -10/Materials | Learned location of 2 exits from Subcaves 614 | -10/Materials | Learned location of Subcaves (-10) 646 | -10/Materials | Learned Storage stockpile data 666 | -10/Materials | Identified exit to Subcaves 695 | -10/Materials | Learned location of 2 exits from Mines 770 | -10/Materials | Entered Mines 771 | -10/Mines | Identified exit to Materials 852 | -10/Mines | Assembled infested the area 1477 | -10/Mines | Reached level 3 1515 | -10/Mines | Learned location of Recycling (-9) 1679 | -10/Mines | Discovered exit to Subcaves (range 13) 1774 | -10/Mines | Found a damaged Exp. Sensor Array with a note attached 1776 | -10/Mines | Found Prototype Device 1813 | -10/Mines | Learned Materials stockpile data 1821 | -10/Mines | Received a Rocket Launcher from a helpful Derelict 1826 | -10/Mines | Identified Exp. Sensor Array 1860 | -10/Mines | Discovered new exit (range 5) 1864 | -10/Mines | Entered Exiles 1890 | -10/Exiles | Met 8R-AWN 1903 | -10/Exiles | Met EX-HEX 1935 | -10/Exiles | Met EX-BIN 1948 | -10/Exiles | Aligned with FarCom system 1949 | -10/Exiles | Given EX-Vault access code 1972 | -10/Exiles | Opened EX-Vault 1979 | -10/Exiles | Found Longsword +1 1982 | -10/Exiles | Found Latent Energy Streamer 2002 | -10/Exiles | Warned to stay clear of 0b10 Research branches 2030 | -10/Exiles | Met EX-DEC 2034 | -10/Exiles | Learned location of Zion (-6) 2137 | -10/Exiles | Found Gui. Plasma Cannon 2409 | -10/Exiles | Attacked by the Exiles 2450 | -10/Exiles | Core integrity fell below 50% 2515 | -10/Exiles | Core integrity fell below 20% 2566 | -10/Exiles | Destroyed 8R-AWN 2604 | -10/Exiles | Found Prototype Ballistic Gun 2604 | -10/Exiles | Identified 8R-AWN's Boregun 2609 | -10/Exiles | Found 8R-AWN's Boregun 2873 | -10/Exiles | Destroyed EX-BIN 2908 | -10/Exiles | Destroyed EX-HEX 2968 | -10/Exiles | Destroyed EX-DEC 3035 | -10/Exiles | Upgraded with Utility slot (x1) 3056 | -10/Exiles | Upgraded with Utility slot (x2) 3062 | -10/Exiles | Found Prototype Processor 3062 | -10/Exiles | Identified Exp. Core Analyzer 3166 | -10/Exiles | Discovered new exit (range 10) 3173 | -10/Exiles | Stole two prototypes: Latent Energy Streamer, Longsword +1 3173 | -10/Exiles | Entered Mines 3175 | -9/Mines | Reached level 4 3211 | -9/Mines | Learned Materials terminal intel 3260 | -9/Mines | Build established: Scavenger-Mutant 3303 | -9/Mines | Joined a pair of Derelicts in attacking an 0b10 outpost 3341 | -9/Mines | Discovered new exit (range 13) 3506 | -9/Mines | Reached level 5 3524 | -9/Mines | Discovered new exit (range 10) 3852 | -9/Mines | Learned location of Storage (-9) 3979 | -9/Mines | Upgraded with Propulsion slot (x1) 4044 | -9/Mines | Entered Materials 4045 | -8/Materials | Core integrity fell below 50% 4046 | -8/Materials | Loaded intel: 12 terminal locations 4046 | -8/Materials | Reached level 6 4076 | -8/Materials | Upgraded with Propulsion slot (x2) 4249 | -8/Materials | Reached level 7 4279 | -8/Materials | Discovered new exit (range 15) 4345 | -8/Materials | Identified exit to Factory 4372 | -8/Materials | Learned location of 1 exit from Lower Caves 4396 | -8/Materials | Learned location of 2 exits from Factory 4397 | -8/Materials | Learned 2 Lower Caves zone layouts 4446 | -8/Materials | Learned location of Extension (-4) 4487 | -8/Materials | Reached level 8 4514 | -8/Materials | Upgraded with Utility slot (x1) 4810 | -8/Materials | Reached level 9 4897 | -8/Materials | Upgraded with Utility slot (x1) 4967 | -8/Materials | Identified exit to Garrison 4976 | -8/Materials | Entered Garrison 4988 | -8/Garrison | Triggered checkpoint 5045 | -8/Garrison | Garrison Relay disabled 5114 | -8/Garrison | Reached level 10 5142 | -8/Garrison | Discovered new exit (range 12) 5207 | -8/Garrison | Triggered checkpoint 5219 | -8/Garrison | Garrison Relay disabled 5409 | -8/Garrison | Triggered checkpoint 5415 | -8/Garrison | Reached level 11 5416 | -8/Garrison | Triggered checkpoint 5444 | -8/Garrison | Triggered checkpoint 5475 | -8/Garrison | Triggered checkpoint 5535 | -8/Garrison | Discovered new exit (range 15) 5626 | -8/Garrison | Triggered checkpoint 5710 | -8/Garrison | Garrison Relay disabled 5710 | -8/Garrison | Reached level 12 5877 | -8/Garrison | Discovered new exit (range 14) 6036 | -8/Garrison | Triggered checkpoint 6102 | -8/Garrison | Garrison Relay disabled 6148 | -8/Garrison | Triggered checkpoint 6360 | -8/Garrison | Installed Relay Interface Framework 6369 | -8/Garrison | Expanded RIF knowledge: Signal Jamming 6428 | -8/Garrison | Entered Materials 6828 | -8/Materials | First assault squad dispatched 7092 | -8/Materials | Reached level 13 7444 | -8/Materials | Identified exit to Garrison 7444 | -8/Materials | Entered Garrison 7460 | -8/Garrison | Discovered exit to Factory (range 64) 7460 | -8/Garrison | Discovered exit to Factory (range 44) 7460 | -8/Garrison | Discovered exit to Factory (range 62) 7460 | -8/Garrison | Self-destructed Last Messages --------------- system corruption (0%). 07435_ Connecting with Terminal... 07440_ K-01 Serf cleans the Terminal. 07444_ Connecting with Garrison Access... >>Unlock Access door unlocked. 07444_ EXIT=UNLOCKED: GARRISON LOCATION=GARRISON GOAL=ESCAPE 07460_ Connecting with Garrison Terminal... [CShell_errno=`10`] 07460_ EXIT=FOUND: FACTORY >>Download(Registry) Retrieving Garrison registry... Downloaded map data. Downloaded component registry. Downloaded security status. 07460_ ALERT: Suspicious activity at Terminal G001. Transmitting hostile system tracking data. Map ----- +----------------------------------------------------+ | ###??????????????????????????????????????????????? | | ""#??????????????????????????????????????????????? | | "#??????????????????????????????????????????????? | | "#??????????????????????????????????????????????? | | "#??????????????????????????????????????????????? | | ""#??????????????????????????????????????????????? | | #??????????????????????????????????????????????? | | #??????????????????????????????????????????????? | | #???????????????#######????????????????????????? | | #???????????????#"""""#????????????????????????? | | ##?????????????#### ##????????????????????????? | | ###????????????# ^^^ ^^#????????????????????????? | | #????????????#^#######????????????????????????? | | #??????????### #?????????######???????????????? | | #?????###### " #?????????# #???????????????? | | ##?????# + " #?????????# #?############??? | | ####?????# #### " #?????????# #?# " " "&&"#??? | | ?????????# #??### #?????????# ###?# " " "&&"#??? | | ?????????# #????# #?????????# #??## """" """"#??? | | ?????????# #????# #?????????# #??# ^ #??? | | ?????????# #????# #####?????# #### # """#??? | | ?????????# #????# #?????# # "&&#??? | | ?????????# #????#+### #####?# ^^ # "&&#??? | | ?????????# #????# #?# ##""#?# #### # """#??? | | ?????????# #????# #?# ##T #?# #??# #??? | | ?????????# #????# #?# ##"@#?# #??## """" """"#??? | | ##??????##+######+### ### ### #???# "&&" " "#??? | | #??????# #???# "&&" " "#??? | | #??????# #???############??? | | #??????#^^######+## ##########?????????????????? | | #??????# ###### ## #??????????????????????????? | | ####???# + ## #??????????????????????????? | | #???# ##### ### #??????????????????????????? | | ##+##### #???# #?# #??????????????????????????? | | ## ## #???# #?# #??????????????????????????? | | +##""""## ##??# #?# #??????????????????????????? | | ####+### #??????????????????????????? | | #??????????????????????????? | | #??????????????????????????? | | ^## ## ###########??????????????????????????? | | ^## ## ###??????????????????????????????????? | | " #??????????????????????????????????? | | " #??????????????????????????????????? | | " #??????????????????????????????????? | | " #??????????????????????????????????? | | ## ## ###??????????????????????????????????? | | ## ## ###########??????????????????????????? | | #??????????????????????????? | | #?????????############?????? | | ###+####^^#?????????# !## !## !#?????? | +----------------------------------------------------+ Best States ------------- Heat Dissipation 81 Energy Generation 38 Energy Capacity 250 Matter Stores 300 Matter Capacity 300 Sight Range 16 Robot Scan Range 20 Terrain Scan Range 18 Terrain Scan Density 510 Jamming Range 16 Corruption Containment 12 Evasion (%) 55 Targeting Accuracy 5 Core Analysis 8 Armor Integrity Analysis 40 Energy Filtering 45 Item Schematics ----------------- Cmb. Antigrav System | -8/Materials | Scanalyzed Robot Schematics ------------------ None Fabricated ------------ Nothing Repaired ---------- Nothing Studied --------- Airjet | -8/Materials | Hacked Alien Tech Used ----------------- None Achievements -------------- None Challenges ------------ None RPGLIKE | -11 -10 -10 -10 -9 -8 -8 -8 -8 --------- Run | Yrd Mat Min Exi Min Mat Gar Mat Gar Levels Raised 12 | . 1 1 . 2 4 3 1 . XP Earned 22043 | 3000 2220 1925 350 1950 5820 5344 1294 140 XP Spent 16250 | 500 950 250 4200 1400 6250 2700 . . Upgrades 35 | 1 6 1 11 3 9 4 . . Propulsion Slot 3 | . . . . 1 2 . . . Utility Slot 6 | . 1 . 3 . 2 . . . Weapon Slot 1 | 1 . . . . . . . . Core Integrity 6 | . . . 6 . . . . . Heat Dissipation 5 | . 5 . . . . . . . Energy Generation 4 | . . . . . . 4 . . Mass Support 1 | . . . 1 . . . . . Inventory Capacity 2 | . . 1 1 . . . . . Terrain Scan Density 5 | . . . . . 5 . . . Ranged Accuracy 2 | . . . . 2 . . . . Protomatter Created 1491 | . 81 88 100 150 373 438 261 . Integrity Restored 3586 | . . 264 291 351 973 1209 498 . Core 2864 | . . 264 291 351 836 738 384 . Parts 722 | . . . . . 137 471 114 . Protomatter Decayed 154 | . 45 18 . 10 . 45 36 . Game ------ Seed MiningTractorLoader Manual? 1 Play Time 01:01:25 Cumulative 251.5 hours Start 2026.08.30 @ 18:48:48 End 2026.08.30 @ 21:00:57 Sessions 3 Manual Loads 0 Difficulty Rogue Special Mode Winter2019/RPGLIKE Game No. 161 Rogue 161 Adventurer 0 Explorer 0 Win Type - Total 6 Types 2/0/2/1/0/0/0/1/0/0 Lore% 61 Gallery% 74 Achievement% 58 Wizard Run 0 Options --------- Layout 2 ASCII 0 Keyboard 0 Movement Mouse Keybinds 0 Fullscreen 1 Font 32/SmallcapsGlow Map View 50x44 Zoom Use 0% Tactical HUD 1 Map Filters NONE Filters NONE Steam 1 RUN: ec3f5235-5951-4efb-9037-9b9cecb41c14